 Dungeon Crawl Stone Soup version 0.22-a0-425-g89d60a1 (webtiles) character file.

234 Veiltonx the Ruffian (level 5, -4/41 HPs)
             Began as a Draconian Transmuter on May 24, 2018.
             Slain by emperorscorpion's ghost (7 damage)
             ... on level 4 of the Dungeon.
             The game lasted 00:12:16 (3268 turns).

Veiltonx the Ruffian (Draconian Transmuter)         Turns: 3268, Time: 00:12:17

Health: -4/41      AC:  2    Str: 12    XL:     5   Next: 75%
Magic:  7/10       EV: 20    Int: 15    God:
Gold:   203        SH:  0    Dex: 16    Spells: 4/10 levels left

rFire    . . .     SeeInvis .     - Unarmed
rCold    . . .     Gourm    .   (shield currently unavailable)
rNeg     . . .     Faith    .   (armour unavailable)
rPois    x         Spirit   .   (helmet currently unavailable)
rElec    .         Reflect  .   (cloak currently unavailable)
rCorr    .         Harm     .   (gloves currently unavailable)
MR       .....                  (boots currently unavailable)
Stlth    +.........             (no amulet)
HPRegen  0.13/turn              (no ring)
MPRegen  0.12/turn              (no ring)

@: lethally poisoned (-4 -> -5), spider-form
A: tiny, unfitting armour, AC +5
a: End Transformation


You were on level 4 of the Dungeon.
You were not hungry.
You were a venomous arachnid creature.
You visited 1 branch of the dungeon, and saw 4 of its levels.

You collected 203 gold pieces.

Inventory:

Missiles
 a - 87 arrows
Jewellery
 f - an uncursed amulet of the gourmand {unknown}
 n - a cursed ring of teleportation {unknown}
Scrolls
 b - 3 scrolls of identify {unknown}
 e - 2 scrolls of amnesia {unknown}
 j - 2 scrolls of teleportation {unknown}
 l - a scroll of fog {unknown}
 o - 2 scrolls of noise {unknown}
Potions
 d - a potion of degeneration {unknown}
 g - a potion of heal wounds {unknown}
 h - 2 potions of curing {unknown}
 i - a potion of agility {unknown}
 k - a potion of ambrosia {unknown}
 m - a potion of magic {unknown}
Comestibles
 c - 7 rations
 p - 2 chunks of flesh


   Skills:
 - Level 2.0 Fighting
 - Level 2.2 Dodging
 - Level 4.0 Unarmed Combat
 * Level 3.4 Spellcasting
 * Level 3.6 Transmutations
 + Level 0.1 Poison Magic


You had 4 spell levels left.
You knew the following spells:

 Your Spells              Type           Power        Failure   Level  Hunger
a - Beastly Appendage     Tmut           ##....       13%         1    None
b - Sticks to Snakes      Tmut           ##......     17%         2    ##.....
c - Spider Form           Tmut/Pois      #.........   47%         3    ###....

Your spell library contained the following spells:

 Spells                   Type           Power        Failure   Level  Hunger
 Blade Hands              Tmut           ##........   89%         5    ######.
 Ice Form                 Ice/Tmut       #.......     83%         4    ####...


Dungeon Overview and Level Annotations

Branches:
Dungeon (4/15)
 Temple: D:4-7

Altars:

Annotations:
D:4 emperorscorpion's ghost, novice DECj


Innate Abilities, Weirdness & Mutations

((Your plain brown scales are hard. (AC +5)))
You cannot fit into any form of body armour.
((You are cold-blooded and may be slowed by cold attacks.))


Message History

Your transformation is almost over.
You feel sick.
You start resting.
You feel sick.
Emperorscorpion's ghost is too close now for your liking.
Casting: Beastly Appendage (safe; 4% risk of failure)
Confirm with . or Enter, or press ? or * to list all spells.
Your talons disappear.
You turn into a venomous arachnid creature.
Emperorscorpion's ghost turns its malevolent gaze towards you.
You feel sick.
You hear a shout!
Emperorscorpion's ghost points at you and mumbles some strange words.
The magic dart hits you!
Emperorscorpion's ghost points at you and mumbles some strange words.
The spray of energy hits you!
* * * LOW HITPOINT WARNING * * *
You see here an adder skeleton.
Emperorscorpion's ghost hits you!
You die...

####..###
###.......#####
##...........#.##
.....†..........#
................#
#...............##
#................##
##.............#..###...
##.............sW....#
##...........÷#..#...#
###.........#.......#
#........#.........
#.......##........>
#......## .........
#.....## .........
#....## ......... .
##...## ........


You could see emperorscorpion's ghost.

Vanquished Creatures
  An orc wizard (D:3)
  Jessica (D:3)
  Terence (D:2)
  5 adders
  An adder skeleton (D:3)
  5 worms
  A dart slug (D:1)
  5 orcs (D:3)
  2 giant cockroaches
  6 hobgoblins
  3 jackals (D:2)
  3 ball pythons
  A ball python skeleton (D:4)
  5 bats
  5 frilled lizards
  8 goblins
  3 kobolds
  12 rats
68 creatures vanquished.

Vanquished Creatures (collateral kills)
  A howler monkey (D:2)
  A goblin (D:2)
2 creatures vanquished.

Vanquished Creatures (others)
  4 toadstools (D:1)
4 creatures vanquished.

Grand Total: 74 creatures vanquished

Notes
Turn   | Place    | Note
-------+----------+-------------------------------------------
     0 | D:1      | Veiltonx the Draconian Transmuter began the quest for the Orb.
     0 | D:1      | Reached XP level 1. HP: 16/16 MP: 3/3
   314 | D:1      | Reached XP level 2. HP: 19/23 MP: 5/5
   400 | D:1      | Learned a level 2 spell: Sticks to Snakes
   838 | D:2      | Noticed a howler monkey
   847 | D:2      | Killed a howler monkey
   847 | D:2      | Reached XP level 3. HP: 29/29 MP: 0/6
  1357 | D:2      | Reached XP level 4. HP: 23/36 MP: 5/7
  1845 | D:2      | Noticed Terence
  1851 | D:2      | Learned a level 3 spell: Spider Form
  1875 | D:2      | Killed Terence
  2229 | D:3      | Noticed Jessica
  2505 | D:3      | Reached XP level 5. HP: 41/41 MP: 2/9
  2584 | D:3      | Killed Jessica
  2749 | D:3      | Reached skill level 4 in Unarmed Combat
  3258 | D:4      | Noticed emperorscorpion's ghost (novice DECj)
  3268 | D:4      | Slain by emperorscorpion's ghost

Vault maps used:
D:1:      ldierk_walled_garden_2, hangedman_decor_points
D:2:      first_ration, serial_forest, infiniplex_forest_lined_3,
          infiniplex_forest_clump_medium, infiniplex_forest_lined_1,
          infiniplex_forest_3_way, infiniplex_forest_clump_double,
          infiniplex_forest_zigzag_2, uniq_terence
D:3:      uniq_jessica
D:4:      lemuel_crystal_altar, nicolae_tso_carved_into_rock

Skill      XL: |  1  2  3  4  5 |
---------------+----------------+-----
Dodging        | 2 |  2.2
Fighting       | 2 |  2.0
Transmutations | 3 |  3.6
Spellcasting   | 3 |  3.4
Unarmed Combat | 4 |  4.0
Poison Magic   | |  0.1

Action                   |  1- 3 |  4- 6 || total
-------------------------+-------+-------++-------
Melee: Unarmed           |   121 |   145 ||   266
       Tailslap          |     8 |    13 ||    21
       Kick              |     4 |    10 ||    14
       Headbutt          |     4 |     3 ||     7
       Punch             |     1 |     1 ||     2
 Cast: Beastly Appendage |     9 |     9 ||    18
       Sticks to Snakes  |     4 |       ||     4
       Spider Form       |       |     5 ||     5
 Stab: Sleeping          |     1 |       ||     1
  Eat: Chunk             |     2 |     7 ||     9
Armor: Skin              |    32 |    39 ||    71
Dodge: Dodged            |    78 |   124 ||   202

Table legend:
 A = Spawn XP
 B = Non-spawn XP
 C = Spawn XP percentage of total XP
 D = Spawn monster count
 E = Non-spawn monster count
 F = Spawn count percentage of total count
 G = Total turns spent on level
                    A         B        C        D         E        F      G
               +---------+---------+-------+---------+---------+-------+---------
         Total |       0 |     335 |   0.0 |       0 |      70 |   0.0 |  3268
               +---------+---------+-------+---------+---------+-------+---------
           D:1 |       0 |      18 |   0.0 |       0 |      11 |   0.0 |   838
           D:2 |       0 |     144 |   0.0 |       0 |      28 |   0.0 |  1582
           D:3 |       0 |     158 |   0.0 |       0 |      28 |   0.0 |   768
           D:4 |       0 |      15 |   0.0 |       0 |       3 |   0.0 |    80
               +---------+---------+-------+---------+---------+-------+---------
